 Dungeon Crawl Stone Soup version 0.23-a0-405-g368ce007a8 (console) character file.

2517 Gottschkopf the Transmogrifier (level 9, -3/64 HPs)
             Began as a Purple Draconian Transmuter on Nov 6, 2018.
             Was a Follower of Sif Muna.
             Killed by divine providence
             ... invoked by an orc priest
              (14 damage)
             ... on level 7 of the Dungeon.
             The game lasted 00:22:42 (8358 turns).

Gottschkopf the Transmogrifier (DrTm)               Turns: 8358, Time: 00:22:42

Health: -3/64      AC:  7    Str: 14    XL:     9   Next: 29%
Magic:  16/20      EV: 12    Int: 15    God:    Sif Muna [*.....]
Gold:   463        SH:  0    Dex: 12    Spells: 13/22 levels left

rFire    + . .     SeeInvis .     - Unarmed
rCold    . . .     Gourm    .   (no shield)
rNeg     . . .     Faith    +   (armour unavailable)
rPois    .         Spirit   .   (helmet restricted)
rElec    .         Reflect  .   (no cloak)
rCorr    +         Harm     .   (no gloves)
MR       +....                  (no boots)
Stlth    +.........             n - amulet of faith
HPRegen  0.20/turn              x - ring of resist corrosion
MPRegen  0.17/turn              A - ring of protection from fire

@: no status effects
A: breathe power, unfitting armour, cold-blooded, AC +7
a: Breathe Dispelling Energy, Divine Energy, Renounce Religion


You were on level 7 of the Dungeon.
You worshipped Sif Muna.
Sif Muna was aware of your devotion.
You were not hungry.

You visited 2 branches of the dungeon, and saw 8 of its levels.

You collected 463 gold pieces.

Inventory:

Missiles
 a - 101 arrows
Jewellery
 n - an amulet of faith (around neck)
 u - an uncursed amulet of magic regeneration
 x - a ring of resist corrosion (left hand)
 A - a ring of protection from fire (right hand)
Wands
 f - a wand of disintegration (12)
 y - a wand of enslavement (9)
Scrolls
 b - 9 scrolls of remove curse
 d - 4 scrolls of amnesia {unknown}
 e - 3 scrolls of random uselessness {unknown}
 i - 3 scrolls of teleportation {unknown}
 o - 3 scrolls of enchant armour {unknown}
 v - a scroll of fear {unknown}
 w - a scroll of enchant weapon {unknown}
 B - a scroll of vulnerability {unknown}
Potions
 g - 2 potions of might
 h - a potion of cancellation {unknown}
 j - 7 potions of curing
 k - a potion of invisibility {unknown}
 l - a potion of flight
 m - 3 potions of brilliance
 p - a potion of agility {unknown}
 q - a potion of degeneration {unknown}
 r - a potion of heal wounds
 s - a potion of magic {unknown}
 t - a potion of berserk rage {unknown}
 z - 2 potions of lignification
 C - a potion of mutation {unknown}
 E - a potion of haste {unknown}
Comestibles
 c - 5 rations
 D - 2 chunks of flesh


   Skills:
 - Level 1.1 Fighting
 - Level 1.7 Dodging
 * Level 7.3 Unarmed Combat
 + Level 7.3 Spellcasting
 - Level 8.9 Transmutations


You had 13 spell levels left.
You knew the following spells:

 Your Spells              Type           Power        Failure   Level  Hunger
a - Blade Hands           Tmut           ####......   9%          5    #####..
b - Spider Form           Tmut/Pois      ###.......   6%          3    ##.....
c - Beastly Appendage     Tmut           ####..       1%          1    None

Your spell library contained the following spells:

 Spells                   Type           Power        Failure   Level  Hunger
 Sticks to Snakes         Tmut           ####....     1%          2    None
 Ice Form                 Ice/Tmut       ###.....     21%         4    ####...


Dungeon Overview and Level Annotations

Branches:
Dungeon (7/15)             Temple (1/1) D:6

Altars:
Ashenzari
Cheibriados
Dithmenos
Elyvilon
Gozag
Hepliaklqana
Kikubaaqudgha
Makhleb
Nemelex Xobeh
Okawaru
Ru
Sif Muna
Trog
Vehumet
Wu Jian
Xom
Yredelemnul
Zin
The Shining One


Innate Abilities, Weirdness & Mutations

You can breathe bolts of dispelling energy.
Your rich purple scales are hard. (AC +7)
You cannot fit into any form of body armour.
You are cold-blooded and may be slowed by cold attacks.


Message History

A hornet comes into view.
A worker ant comes into view.
The orc warrior hits you with a +0 glaive!!
* * * LOW HITPOINT WARNING * * *
The orc priest shouts!
The hornet buzzes angrily.
You slash the orc warrior!
The orc warrior is heavily wounded.
You slash the orc warrior!
The orc warrior is almost dead.
The orc warrior barely misses you.
You slash the orc warrior!
You kill the orc warrior!
Sif Muna accepts your kill.
A magic dart appears from out of thin air!
The magic dart hits you!
* * * LOW HITPOINT WARNING * * *
The orc hits you but does no damage.
Your hands revert to their normal proportions.
The orc priest mumbles some strange prayers to Beogh against you.
Beogh smites you!
You die...

##.#.##### #.#
###........#####.###
#...#....(..>.......
#...#...#..........###
#.# ##.#.#####.##.....
###.####.#.#####.##.####
.................##.#
######.##.####..##.#
#@##.# #..##.# #.##.#
#..##.# #{##.. ... #.#
#)#... #..


Foy.... ... >#.#.... #.#.o.. # ### .a ... You could see a hornet, a bullfrog, an
orc priest and an orc.

Vanquished Creatures
  2 orc warriors
  3 ice beasts (D:6)
  2 ogres
  2 centaurs
  6 big kobolds
  6 bullfrogs
  A scorpion (D:4)
  2 crimson imps
  3 hounds
  A gnoll shaman (D:6)
  2 orc priests (D:6)
  2 bullfrog skeletons (D:4)
  3 iguanas
  6 worker ants
  A killer bee zombie (D:7)
  A hound zombie (D:4)
  2 hound skeletons (D:6)
  Robin (D:4)
  A worker ant zombie (D:6)
  6 gnolls
  6 adders
  2 shadow imps (D:6)
  2 oozes
  An adder skeleton (D:5)
  4 worms
  3 dart slugs
  2 leopard geckos
  4 orcs
  7 bats
  5 giant cockroaches
  14 goblins
  18 hobgoblins
  7 jackals
  2 quokkas
  2 ball pythons
  5 frilled lizards
  42 kobolds
  A quokka zombie (D:5)
  4 rats
  A plant (D:3)
185 creatures vanquished.

Notes
Turn   | Place    | Note
-------+----------+-------------------------------------------
     0 | D:1      | Gottschkopf the Draconian Transmuter began the quest for
                  | the Orb.
     0 | D:1      | Reached XP level 1. HP: 16/16 MP: 3/3
   377 | D:1      | Reached XP level 2. HP: 23/23 MP: 3/5
   495 | D:1      | You fall through a shaft!
   538 | D:1      | Reached skill level 3 in Transmutations
   930 | D:2      | Reached XP level 3. HP: 28/28 MP: 4/6
   935 | D:2      | Learned a level 3 spell: Spider Form
  1314 | D:2      | Noticed Robin
  1338 | D:2      | Reached skill level 4 in Transmutations
  1623 | D:2      | Reached XP level 4. HP: 16/35 MP: 7/7
  1624 | D:2      | Found a radiant altar of Vehumet.
  2116 | D:2      | Found a shattered altar of Ashenzari.
  2631 | D:3      | Found a hazy altar of Hepliaklqana.
  2823 | D:3      | Reached skill level 5 in Transmutations
  2877 | D:3      | Found a sacrificial altar of Ru.
  3092 | D:3      | Found an ancient bone altar of Kikubaaqudgha.
  3134 | D:3      | Found a shadowy altar of Dithmenos.
  3507 | D:4      | Killed Robin
  3507 | D:4      | Reached XP level 5. HP: 39/40 MP: 4/8
  3555 | D:4      | Reached skill level 6 in Transmutations
  3609 | D:4      | Reached XP level 6. HP: 6/47 MP: 4/9
  4039 | D:4      | Reached skill level 7 in Transmutations
  4075 | D:4      | Your scales start taking on a rich purple colour.
  4075 | D:4      | Reached XP level 7. HP: 35/52 MP: 3/10
  4182 | D:4      | Learned a level 5 spell: Blade Hands
  4593 | D:4      | Reached skill level 8 in Transmutations
  5322 | D:4      | Found a white marble altar of Elyvilon.
  5373 | D:4      | Found a basalt altar of Yredelemnul.
  5791 | D:5      | Entered Level 5 of the Dungeon
  5917 | D:5      | Found a shimmering altar of Xom.
  6124 | D:5      | Reached XP level 8. HP: 58/59 MP: 9/14
  6281 | D:6      | Found a staircase to the Ecumenical Temple.
  6289 | Temple   | Entered the Ecumenical Temple
  6336 | Temple   | Became a worshipper of Sif Muna the Loreminder
  6409 | Temple   | Reached skill level 5 in Spellcasting
  6864 | D:6      | Found a bloodstained altar of Trog.
  7115 | D:6      | Reached * piety under Sif Muna
  7115 | D:6      | Reached skill level 5 in Unarmed Combat
  7666 | D:6      | Reached XP level 9. HP: 46/64 MP: 14/19
  8358 | D:7      | Killed from afar by an orc priest

Vault maps used:
D:1:      eino_arrival_cavern_e
D:2:      marbit_many_paths, lemuel_round_altar, uniq_robin
D:3:      lemuel_round_altar, nicolae_ru_the_path_less_chosen,
          nicolae_overflow_hidden_temple, lemuel_crystal_altar,
          kennysheep_path_1
D:4:      minmay_goblin_kobold_castle, kennysheep_ying_yang, first_ration
D:5:      old_standard_altar
D:6:      kennysheep_windowed_halls, lemuel_doored_altar,
          minmay_temple_entry_trees, serial_rivers,
          chequers_serial_rivers_small_3, chequers_serial_rivers_micro_d,
          chequers_serial_rivers_small_3, chequers_serial_rivers_small_3,
          chequers_serial_rivers_large_a, chequers_serial_rivers_micro_a,
          minivault_24
Temple:   cyrus_temple_forest

Skill      XL: |  1  2  3  4  5  6  7  8  9 |
---------------+----------------------------+-----
Transmutations | 3 4 5 6 7 8 |  8.9
Spellcasting   | 4 6 7 |  7.3
Unarmed Combat | 6 7 |  7.3
Fighting       | |  1.1
Dodging        | |  1.7

Action                   |  1- 3 |  4- 6 |  7- 9 || total
-------------------------+-------+-------+-------++-------
Melee: Unarmed           |   133 |   207 |   288 ||   628
       Kick              |    25 |    23 |     8 ||    56
       Tailslap          |    12 |    26 |    19 ||    57
       Headbutt          |     3 |    19 |    13 ||    35
       Punch             |     2 |     2 |     2 ||     6
 Cast: Beastly Appendage |    30 |    27 |    24 ||    81
       Spider Form       |       |     5 |     4 ||     9
       Blade Hands       |       |       |    24 ||    24
  Use: Scroll            |       |       |     7 ||     7
  Eat: Chunk             |     3 |     6 |    19 ||    28
       Ration            |       |     1 |     1 ||     2
Armor: Skin              |    42 |    33 |    72 ||   147
Dodge: Dodged            |    92 |   120 |   185 ||   397

Table legend:
 A = Non-vault XP
 B = Vault XP
 C = Vault XP percentage of total XP
 D = Non-vault monster count
 E = Vault monster count
 F = Vault count percentage of total count
                 A         B        C        D         E       F
            +---------+---------+-------+---------+---------+-------
      Total |    2049 |    1548 |  43.0 |     108 |      76 |  41.3
            +---------+---------+-------+---------+---------+-------
        D:1 |      38 |       0 |   0.0 |      18 |       0 |   0.0
        D:2 |      72 |      23 |  24.2 |      20 |      13 |  39.4
        D:3 |      53 |      98 |  64.9 |      20 |       3 |  13.0
        D:4 |     513 |     579 |  53.0 |      16 |      43 |  72.9
        D:5 |      52 |       0 |   0.0 |       8 |       0 |   0.0
        D:6 |     866 |     846 |  49.4 |      20 |      16 |  44.4
        D:7 |     362 |       2 |   0.5 |       5 |       1 |  16.7
     Temple |      93 |       0 |   0.0 |       1 |       0 |   0.0
            +---------+---------+-------+---------+---------+-------
